 Dungeon Crawl Stone Soup version 0.27-a0-1071-ga85bd9520d (webtiles) character file.

Game seed: 17842926323054962804

16 sanka the Insei (level 2, 0/22 HPs)
             Began as a Djinni Transmuter on Apr 24, 2021.
             Slain by a ball python (2 damage)
             ... on level 1 of the Dungeon.
             The game lasted 00:01:09 (646 turns).

sanka the Insei (Djinni Transmuter)                  Turns: 646, Time: 00:01:09

Health: 0/22       AC:  2    Str:  9    XL:     2   Next: 54%
Gold:   16         EV: 12    Int: 14    God:
                   SH:  0    Dex: 13

rFire    + + .     SeeInvis .     - Unarmed
rCold    x . .     Faith    .   (no shield)
rNeg     . . .     Spirit   .   a - +0 robe
rPois    ∞         Reflect  .   (helmet currently unavailable)
rElec    .         Harm     .   (no cloak)
rCorr    .         Rampage  .   (no gloves)
Will     .....                  (boots unavailable)
Stlth    +.........             (no amulet)
HPRegen  0.07/turn              (no ring)
MPRegen  0.00/turn              (no ring)

@: appendages, flying
A: horns 2, flying, fire resistance 2, cold vulnerability 1, float, innate
caster, hp casting, extra vitality 1
a: End Transformation


You were on level 1 of the Dungeon.
You had temporarily grown beastly horns.
You visited 1 branch of the dungeon, and saw 1 of its levels.

You collected 16 gold pieces.


Innate Abilities, Weirdness & Mutations

You have temporarily grown beastly horns.
You are flying.
You are immune to poison.
Your flesh is very heat resistant. (rF++)
You are vulnerable to cold. (rC-)
You float through the air rather than walking.
You learn spells naturally, not from books.
Your magical power is your life essence.
You have superior vitality. (+4 HP)


   Skills:
 + Level 1.3 Fighting
 + Level 2.4 Dodging
 * Level 3.3 Unarmed Combat
 + Level 2.0 Spellcasting


You couldn't memorise any spells.
You knew the following spells:

 Your Spells              Type           Power      Damage    Failure   Level
c - Ice Form              Ice/Tmut       7%         N/A       71%         4
x - Spider Form           Tmut/Pois      3%         N/A       30%         3
y - Wereblood             Tmut           7%         N/A       16%         2
z - Beastly Appendage     Tmut           14%        N/A       11%         1
X - Hydra Form            Tmut           3%         N/A       96%         5
Your spell library was empty.

Inventory:

Armour
 a - a +0 robe (worn)
Scrolls
 c - a scroll of teleportation {unknown}
 d - a scroll of noise {unknown}
 e - a scroll of amnesia {unknown}
 f - a scroll of identify {unknown}
Potions
 b - a potion of cancellation {unknown}

Dungeon Overview and Level Annotations

Branches:
Dungeon (1/15)

Altars:

▒.▒.▒▒ ▒▒▒▒▒▒▒▒▒ ▒.▒.▒
▒.......▒
▒▒▒▒▒▒▒▒.▒.▒▒▒▒▒▒▒.▒▒▒▒▒
.......................▒
................)..>▒▒▒▒
▒▒.▒.▒...▒.............▒
▒.▒.▒...▒▒▒▒▒▒.▒▒▒.▒▒.▒.▒
▒▒.▒.▒...▒ ▒...)......▒
.....▒.▒.▒▒▒▒▒▒.R▒▒.▒▒.▒▒▒▒
▒▒.....▒.▒......S▒▒........
...........▒▒▒.......▒.▒▒▒▒
†.▒▒▒▒▒▒▒..▒ ▒...)▒.▒▒ ▒
..▒ .▒............. ..▒
▒.▒.!.▒..▒▒.▒. ..▒
......▒..▒ ▒ ..▒
........... ▒▒▒
.▒.▒....▒..▒


You could see a ball python.


Message History

Your punch misses the hobgoblin.
The hobgoblin is almost dead.
The hobgoblin closely misses you.
Unknown command.
You hit the hobgoblin but do no damage. Your headbutt misses the hobgoblin.
The hobgoblin is almost dead.
The hobgoblin hits you.
* * * LOW HITPOINT WARNING * * *
Unknown command.
You hit the hobgoblin.
You kill the hobgoblin!
Your transformation is almost over.
Your Spellcasting skill increases to level 2!
You hit the hobgoblin but do no damage. You headbutt the hobgoblin.
You kill the hobgoblin!
Unknown command.
No target in view!
Unknown command.
You start resting.
Your horns disappear.
You start resting.
A ball python is nearby!
You grow a pair of large bovine horns.
The ball python hisses angrily.
* * * LOW HITPOINT WARNING * * *
Unknown command.
The ball python bites you.
You die...

Action                   || total
-------------------------++-------
Melee: Unarmed           ||    63
       Headbutt          ||    10
       Punch             ||     1
 Cast: Beastly Appendage ||    10
 Stab: Sleeping          ||     1
Armor: Robe              ||    13
Dodge: Dodged            ||    44

Levels and vault maps discovered:
D:1:      dpeg_arrival_subterranean_lakeside_camping, layout_basic

Notes
Turn   | Place    | Note
-------+----------+-------------------------------------------
     0 | D:1      | sanka the Djinni Transmuter began the quest for the Orb.
     0 | D:1      | Reached XP level 1. HP: 17/17 MP: 0/0
   359 | D:1      | Reached XP level 2. HP: 21/22 MP: 0/0
   621 | D:1      | HP: 2/22 [hobgoblin (3)]
   623 | D:1      | Reached skill level 2 in Spellcasting
   646 | D:1      | Slain by a ball python

Vanquished Creatures
  A bat (D:1)
  A giant cockroach (D:1)
  A goblin (D:1)
  2 hobgoblins (D:1)
  A quokka (D:1)
  2 frilled lizards (D:1)
  5 kobolds (D:1)
  2 rats (D:1)
15 creatures vanquished.
